 Dungeon Crawl Stone Soup version 0.17-a0-1763-g847a857 (webtiles) character file.

1088 kosy22 the Covert (level 8, -6/67 HPs)
             Began as a Pale Draconian Berserker on Sept 5, 2015.
             Was an Elder of Trog.
             Killed from afar by Blork the orc (7 damage)
             ... with a magic dart
             ... on level 5 of the Dungeon.
             The game lasted 00:19:12 (5456 turns).

kosy22 the Covert (Pale Draconian Berserker)        Turns: 5456, Time: 00:19:12

Health: -6/67      AC: 12    Str: 22    XL:     8   Next: 9%
Magic:  8/8        EV: 14    Int:  7    God:    Trog [****..]
Gold:   170        SH:  0    Dex: 11    Spells: 0 memorised, 7 levels left

rFire  . . .     SeeInvis .     q - +0 war axe (chop)
rCold  . . .     Clarity  .     (armour unavailable)
rNeg   . . .     SustAt   .     (no shield)
rPois  .         Gourm    .     (helmet restricted)
rElec  .         Spirit   .     (no cloak)
rCorr  .         Warding  .     t - +2 pair of gloves
rMut   .         Stasis   .     s - +2 pair of boots
MR     .....                    (no amulet)
Stlth  ++++......               (no ring)
                                (no ring)

@: exhausted, slowed, very slow, not resistant to hostile enchantments, stealthy
A: breathe steam, unfitting armour, sense surroundings 1, cold-blooded, AC +6
a: Breathe Steam, Burn Spellbooks, Berserk, Trog's Hand, Brothers in Arms,
Renounce Religion


You were on level 5 of the Dungeon.
You worshipped Trog.
Trog was greatly pleased with you.
You were not hungry.

You visited 1 branch of the dungeon, and saw 5 of its levels.

You collected 235 gold pieces.
You spent 65 gold pieces at shops.

Inventory:

Hand weapons
 a - a +1 hand axe
 f - a +0 dagger of protection
 j - a +2 trident of freezing
 q - a +0 war axe of chopping (weapon)
Armour
 s - a +2 pair of boots (worn)
 t - a +2 pair of gloves (worn)
Magical devices
 e - a wand of magic darts (24)
Scrolls
 d - a scroll of enchant armour
 k - 4 scrolls of recharging
 r - a scroll of teleportation
Potions
 c - 3 potions of agility
 g - a potion of brilliance
 i - a potion of magic {unknown}
 n - a potion of haste {unknown}
 p - a potion of resistance {unknown}
Comestibles
 b - 4 bread rations
 h - 2 slices of pizza
 l - a beef jerky
 m - 2 meat rations
 o - 2 fruits


   Skills:
 + Level 4.5 Fighting
 + Level 0.2 Short Blades
 + Level 4.0 Axes
 + Level 6.1 Dodging
 + Level 11.8 Stealth
 + Level 0.2 Unarmed Combat


You had 7 spell levels left.
You didn't know any spells.

Dungeon Overview and Level Annotations

Branches:
Dungeon (5/15)             Temple (0/1) D:5

Altars:
Gozag
Nemelex Xobeh
Trog
Yredelemnul
The Shining One

Shops:
D:5 ?

Annotations:
D:2 Crazy Yiuf
D:5 Blork the orc, Sigmund


Innate Abilities, Weirdness & Mutations

You can breathe blasts of scalding, opaque steam.
Your pale cyan-grey scales are hard (AC +6).
Your body does not fit into most forms of armour.
You are cold-blooded and may be slowed by cold attacks.
You passively map a small area around you.


Message History

* * * LOW HITPOINT WARNING * * *
Your surroundings suddenly seem different.
Blork the orc comes into view.
He is wielding a war axe.
Blork the orc shouts!
Blork the orc casts a spell at you. The magic dart hits you!
* * * LOW HITPOINT WARNING * * *
Blork the orc casts a spell at you. The magic dart hits you!
Found a halberd.
Blork the orc mumbles some strange words.
Blork the orc flickers and vanishes!
You start resting.
You hear some strange, mumbled words.
Something hits you!
* * * LOW HITPOINT WARNING * * *
You hear some strange, mumbled words.
A magic dart appears from out of thin air!
The magic dart hits you!
You die...

88888#
#....#
8...8..# #
#....#
..>.8#.# *
#.#....#
8...8#.#
*##.#....#
* * 88888#
#
..).....#
##..## *
,#....#
#..# ,
#.#..#
,#....#
###@## #.#
, * * #.#*
* * *, #.#
* , #.# ,
..# *### ,
, * *


There were no monsters in sight!

Vanquished Creatures
  Eustachio (D:4)
  An ice beast (D:4)
  A phantom (D:4)
  A gnoll sergeant (D:5)
  A jelly (D:5)
  A centaur skeleton (D:4)
  2 orc priests
  3 orc wizards
  2 worker ants
  2 hound skeletons (D:4)
  6 gnolls
  A river rat (D:4)
  A shadow imp (D:5)
  8 adders
  An ooze (D:2)
  3 worms
  2 giant geckos
  9 orcs
  4 ball pythons
  7 bats
  10 giant cockroaches
  9 hobgoblins
  4 giant newts
  4 goblins
  4 jackals (D:1)
  7 kobolds
  A quokka skeleton (D:4)
  10 rats
106 creatures vanquished.

Vanquished Creatures (collateral kills)
  3 adders (D:2)
  A ball python (D:2)
  2 hobgoblins
  2 bats
  A rat (D:2)
9 creatures vanquished.

Grand Total: 115 creatures vanquished

Notes
Turn   | Place    | Note
--------------------------------------------------------------
     0 | D:1      | kosy22 the Draconian Berserker began the quest for the Orb.
     0 | D:1      | Reached XP level 1. HP: 19/19 MP: 1/1
   200 | D:1      | Reached XP level 2. HP: 13/26 MP: 2/2
   456 | D:1      | Gained mutation: You passively map a small area around you. [potion of beneficial mutation]
   872 | D:1      | Acquired Trog's second power
   872 | D:1      | Reached XP level 3. HP: 13/31 MP: 3/3
  1170 | D:1      | Found a sparkling altar of Nemelex Xobeh.
  1186 | D:1      | Noticed a wyvern
  1199 | D:1      | Killed a wyvern
  1784 | D:2      | Noticed Crazy Yiuf
  1970 | D:2      | Reached skill level 4 in Dodging
  1970 | D:2      | Reached XP level 4. HP: 25/39 MP: 4/4
  2070 | D:2      | Found a sparkling altar of Nemelex Xobeh.
  2070 | D:2      | Found an opulent altar of Gozag.
  2699 | D:3      | Reached XP level 5. HP: 46/46 MP: 5/5
  2991 | D:3      | Reached skill level 11 in Stealth
  2991 | D:3      | Reached XP level 6. HP: 52/52 MP: 6/6
  3472 | D:4      | Reached skill level 5 in Dodging
  3790 | D:4      | Your scales start taking on a pale cyan-grey colour.
  3790 | D:4      | Reached XP level 7. HP: 41/59 MP: 7/7
  3836 | D:4      | Found a bloodstained altar of Trog.
  3955 | D:4      | Noticed Eustachio
  3989 | D:4      | Killed Eustachio
  4306 | D:4      | Found a glowing golden altar of the Shining One.
  4309 | D:4      | Noticed an angel
  4326 | D:4      | Found a basalt altar of Yredelemnul.
  4328 | D:4      | Noticed a profane servitor
  4460 | D:4      | Acquired Trog's third power
  4867 | D:5      | Entered Level 5 of the Dungeon
  4867 | D:5      | Found a staircase to the Ecumenical Temple.
  4935 | D:5      | Reached XP level 8. HP: 34/67 MP: 8/8
  5201 | D:5      | Found Mibor's Magic Scroll Emporium.
  5210 | D:5      | Bought a scroll of teleportation for 39 gold pieces
  5308 | D:5      | Bought a scroll of identify for 26 gold pieces
  5414 | D:5      | Noticed Sigmund
  5448 | D:5      | Noticed Blork the orc
  5455 | D:5      | HP: 1/67 [something (7)]
  5456 | D:5      | Killed from afar by Blork the orc

Vault maps used:
D:1:      dpeg_arrival_brainrot, st_stairs_3, serial_bayou_pond_e,
          minmay_strange_pillars, nemelex_deck
D:2:      grunt_temple_overflow_opulence, first_bread, uniq_crazy_yiuf_cottage
D:4:      grunt_temple_overflow_holy_war, portal_sewer_entry_e,
          trog_three_pillars_becter, uniq_eustachio
D:5:      minmay_temple_entry_statues, serial_shops, shop, uniq_blork_the_orc,
          uniq_sigmund

Action                   |  1- 3 |  4- 6 |  7- 9 || total
-------------------------+-------+-------+-------++-------
Melee: Hand axe          |    83 |    48 |       ||   131
       Unarmed           |    26 |       |       ||    26
       Dagger            |       |   167 |       ||   167
       War axe           |       |    16 |    76 ||    92
Invok: Berserk           |       |     1 |     3 ||     4
       Burn Spellbooks   |       |       |     1 ||     1
Evoke: Deck              |     8 |       |       ||     8
  Use: Scroll            |     2 |     6 |     4 ||    12
       Potion            |     3 |     3 |     1 ||     7
 Stab: Sleeping          |     1 |     7 |     2 ||    10
  Eat: Bread ration      |     1 |     2 |     1 ||     4
       Beef jerky        |       |     1 |       ||     1
